 Dungeon Crawl Stone Soup version 0.32-a0-163-g159c032296 (webtiles) character file.

Game seed: 11239348447736265421

129 BubbleThief the Chopper (level 5, -4/47 HPs)
             Began as a Hill Orc Fighter on Feb 11, 2024.
             Slain by Menkaure (9 damage)
             ... on level 4 of the Dungeon.
             The game lasted 00:02:34 (1843 turns).

BubbleThief the Chopper (Hill Orc Fighter)          Turns: 1843, Time: 00:02:35

Health: -4/47      AC: 10    Str: 21    XL:     5   Next: 12%
Magic:  5/5        EV:  9    Int: 14    God:
Gold:   75         SH:  4    Dex: 10    Spells: 4/4 levels left

rFire   . . .        a - +0 war axe
rCold   . . .        c - +0 buckler
rNeg    . . .        b - +0 scale mail
rPois   .            t - +0 helmet
rElec   .            (no cloak)
rCorr   .            u - +1 Delatra's gloves {ID++}
SInv    .            (no boots)
Will    .....        s - amulet of regeneration Stlth
                     q - +6 ring of intelligence
HPRegen 1.07/turn    (no ring)
MPRegen 0.09/turn

%: no passive effects
@: no status effects
A: no striking features
a: no special abilities


You were on level 4 of the Dungeon.
You visited 1 branch of the dungeon, and saw 4 of its levels.

You collected 75 gold pieces.

Inventory:

Hand Weapons
 a - a +0 war axe (weapon)
Armour
 b - a +0 scale mail (worn)
 c - a +0 buckler (worn)
 h - a +0 plate armour
 t - a +0 helmet (worn)
 u - the +1 Delatra's gloves (worn) {ID++}
   (You found it on level 3 of the Dungeon)

   ID++:      It heals its wearer when they drink unknown potions, and restores
   their MP when they read unknown scrolls.
Jewellery
 m - a ring of ice
 q - a +6 ring of intelligence (left hand)
 s - an amulet of regeneration (around neck)
Scrolls
 e - 2 scrolls of fear {unknown}
 f - 2 scrolls of butterflies {unknown}
 i - 2 scrolls of identify {unknown}
 k - a scroll of blinking {unknown}
 n - a scroll of vulnerability {unknown}
 o - 2 scrolls of brand weapon {unknown}
 p - 3 scrolls of teleportation {unknown}
 r - a scroll of poison {unknown}
 v - a scroll of immolation {unknown}
 x - a scroll of enchant weapon {unknown}
Potions
 d - a potion of might
 g - 2 potions of enlightenment {unknown}
 j - 2 potions of haste {unknown}
 l - a potion of berserk rage {unknown}
 w - a potion of brilliance {unknown}
 z - a potion of invisibility {unknown}
 A - a potion of heal wounds {unknown}


   Skills:
 + Level 4.9 Fighting
 * Level 5.8 Axes
 - Level 3.2 Armour
 - Level 3.2 Shields


You had 4 spell levels left.
You didn't know any spells.
Your spell library contained the following spells:

 Spells                   Type           Power      Damage    Failure   Level
 Magic Dart               Conj           0%         1d3       67%         1
 Searing Ray              Conj           0%         2d4       82%         2
 Fulminant Prism          Conj/Alch      0%         3d5       100%        4


Dungeon Overview and Level Annotations

Branches:
Dungeon (4/15)
 Temple: D:4-7

Altars:

Annotations:
D:4 Menkaure


Message History

Done exploring.
There is a stone staircase leading down here.
You climb downwards.
Menkaure shouts!
There is a stone staircase leading up here.
You miss the goblin. The goblin barely misses you.
You closely miss the goblin. The goblin hits you with a +0 club.
You hit the goblin.
You kill the goblin!
You slash the goblin!
You kill the goblin!
Things that are here:
a +0 dagger; a goblin corpse You slash Menkaure!
Menkaure is moderately damaged.
Menkaure casts a spell.
Menkaure seems to speed up.
You barely miss Menkaure.
Menkaure is moderately damaged.
Menkaure hits you.
You hit Menkaure.
Menkaure is heavily damaged.
Menkaure hits you but does no damage.
You closely miss Menkaure.
Menkaure is heavily damaged.
Menkaure hits you!!
Menkaure points at you and mumbles some strange words.
Pain shoots through your body!
* * * LOW HITPOINT WARNING * * *
You are too injured to fight recklessly!
Okay, then.
You hit Menkaure but do no damage.
Menkaure is heavily damaged.
You block Menkaure's attack.
You hit Menkaure.
Menkaure is heavily damaged.
Menkaure hits you!
* * * LOW HITPOINT WARNING * * *
Menkaure hits you!
You die...

.## ....# #
......####.#
#.M@<).#
######.# ..
##


You could see Menkaure (fast).

Vanquished Creatures
  Terence (D:3)
  An orc wizard (D:3)
  2 ribbon worms
  2 dart slugs (D:1)
  6 orcs (D:3)
  3 bats
  3 endoplasms (D:2)
  6 goblins
  9 hobgoblins
  5 quokkas
  5 ball pythons
  4 frilled lizards
  5 kobolds
  5 rats
57 creatures vanquished.

Notes
Turn   | Place    | Note
-------+----------+-------------------------------------------
     0 | D:1      | BubbleThief the Hill Orc Fighter began the quest for the
                  | Orb.
     0 | D:1      | Reached XP level 1. HP: 19/19 MP: 1/1
    21 | D:1      | Reached skill level 3 in Axes
    94 | D:1      | Reached XP level 2. HP: 27/27 MP: 2/2
   187 | D:1      | Reached skill level 4 in Axes
   198 | D:1      | Reached XP level 3. HP: 33/33 MP: 3/3
   897 | D:2      | Found a faded altar of an unknown god.
  1124 | D:2      | You fall into a shaft and drop 1 floor!
  1201 | D:3      | Noticed Terence
  1212 | D:3      | Killed Terence
  1213 | D:3      | Reached skill level 5 in Axes
  1213 | D:3      | Reached XP level 4. HP: 36/41 MP: 4/4
  1445 | D:3      | Reached XP level 5. HP: 45/47 MP: 5/5
  1459 | D:3      | Found the +1 Delatra's gloves {ID++}
  1832 | D:4      | Noticed Menkaure
  1843 | D:4      | Slain by Menkaure

Illustrated notes

Levels and vault maps discovered:
D:1:      ldierk_walled_garden_2, layout_rooms
D:2:      layout_loops_corners, dreamdust_ecumenical_altar_grove,
          serial_bayou_pond_d, serial_bayou_lagoon_b
D:3:      layout_loops_ring, minmay_tree_intersection,
          pf_guarded_unrand_delatra, uniq_terence
D:4:      layout_loops_ring, uniq_menkaure

Skill      XL: |  1  2  3 |
---------------+----------+-----
Axes           | 3 4 5 |  5.8
Fighting       | 4 |  4.9
Armour         | |  3.2
Shields        | |  3.2

Action                     |  1- 3 |  4- 6 || total
---------------------------+-------+-------++-------
  Melee: War axe           |   113 |    50 ||   163
 Armour: Scale mail        |    63 |    32 ||    95
  Dodge: Dodged            |    54 |    13 ||    67
  Block: Buckler           |    23 |    10 ||    33

Table legend: (Time is in decaauts)
 A = Elapsed time spent in this place.
 B = Non-inter-level travel time spent in this place.
 C = Inter-level travel time spent in this place.
 D = Time resting spent in this place.
 E = Time spent auto-exploring this place.
 F = Levels seen in this place.
 G = Mean time per level.
                   A        B        C        D        E       F      G
               +--------+--------+--------+--------+--------+-----+--------+
         Total |   1913 |   1882 |     31 |      0 |   1442 |   4 |  478.2 |
       Dungeon |   1913 |   1882 |     31 |      0 |   1442 |   4 |  478.2 |
               +--------+--------+--------+--------+--------+-----+--------+

Top non-repeatable levels by time:
     D:3: 722 daAuts
     D:2: 659 daAuts
     D:1: 518 daAuts
     D:4: 13 daAuts
